Map: Dusty Gorge

Players

JoliePêche - Winner!

  • Race: Zerg Zerg
  • League: Master
  • Spawn Location: 11:00

ShuriCMoi - Winner!

  • Race: Protoss Protoss
  • Spawn Location: 9:00

OpuS

  • Race: Protoss Protoss
  • League: Platinum
  • Spawn Location: 3:00

Sketchaphone

  • Race: Zerg Zerg
  • League: Platinum
  • Spawn Location: 5:00

VOD

Have the link to the VOD?

Description

Time

  • Played on: Feb. 21, 2019, 9:20 p.m.
  • Length: 8:45
Show
View Real Time Build Order
Export as new Build Order

JoliePêche Zerg - Winner!

Build Orders: Hatch First, Zergling Baneling 

Get SALT Encoding   

  12  0:00  Drone  
  13  0:12  Overlord  
  13  0:18  Drone  
  14  0:32  Drone x2  
  16  0:37  Drone  
  17  0:54  Hatchery  
  17  0:57  Drone  
  17  1:00  Drone  
  18  1:04  Extractor  
  17  1:17  Spawning Pool  
  16  1:19  Drone  
  16  1:23  Drone  
  18  1:29  Drone  
  19  1:39  Overlord  
  19  2:05  Zergling x4  
  19  2:06  Queen x2  
  19  2:07  Drone  
  26  2:12  Metabolic Boost  
  26  2:19  Drone x2  
  28  2:25  Drone  
  28  2:29  Drone  
  30  2:37  Drone  
  30  2:42  Drone  
  32  2:52  Hatchery  
  32  2:54  Drone x2  
  33  2:58  Overlord  
  33  3:11  Baneling Nest  
  33  3:12  Drone  
  33  3:16  Zergling x8  
  36  3:23  Zergling x6  
  39  3:39  Queen  
  39  3:40  Overlord  
  40  3:51  Overlord  
  40  3:54  Baneling  
  40  3:58  Baneling x3  
  39  4:04  Zergling x2  
  39  4:05  Zergling x16  
  48  4:16  Queen  
  50  4:20  Drone x4  
  51  4:37  Zergling x2  
  51  4:38  Zergling x14  
  57  4:40  Baneling x3  
  57  4:45  Drone x2  
  58  4:51  Baneling  
  57  4:57  Zergling x8  
  58  5:21  Overlord  
  58  5:25  Zergling x2  
  58  5:28  Overlord  
  57  5:34  Drone x3  
  59  5:35  Overlord  
  59  5:36  Drone x2  
  59  5:37  Drone x3  
  62  5:47  Drone x7  
  67  5:51  Lair  
  67  5:52  Evolution Chamber  
  67  5:53  Evolution Chamber, Drone x2, Extractor  
  67  5:54  Extractor  
  67  5:56  Extractor  
  60  5:58  Drone x2  
  60  6:02  Spore Crawler  
  60  6:04  Drone x4  
  63  6:13  Drone x5  
  68  6:19  Overlord  
  68  6:24  Baneling  
  68  6:27  Zerg Melee Weapons Level 1, Zerg Ground Armor Level 1  
  68  6:32  Extractor  
  67  6:33  Drone x4  
  67  6:34  Drone x5  
  67  6:39  Extractor  
  75  6:46  Drone x2  
  75  6:47  Drone x3  
  79  6:53  Spore Crawler  
  79  6:57  Spire  
  79  6:59  Drone x3  
  81  7:03  Overlord  
  81  7:04  Overlord  
  78  7:17  Hatchery  
  77  7:25  Drone  
  77  7:26  Drone x3  
  77  7:27  Zergling x8  
  77  7:28  Zergling x6  
  88  7:36  Extractor  
  87  7:39  Drone x2  
  87  7:40  Drone x3, Extractor  
  91  7:51  Zergling x14  
  96  8:06  Overlord  
  96  8:09  Mutalisk x3  
  96  8:10  Mutalisk x5  
  112  8:21  Overlord x3  
Show
View Real Time Build Order
Export as new Build Order

ShuriCMoi Protoss - Winner!

Build Orders: Zealot Archon 

Get SALT Encoding   

  12  0:02  Probe  
  14  0:14  Probe  
  14  0:18  Pylon  
  14  0:25  Probe  
  15  0:34  Probe  
  15  0:42  Probe, Gateway  
  16  0:48  Assimilator  
  17  0:52  Probe  
  17  0:57  Assimilator  
  18  1:04  Probe  
  19  1:16  Probe  
  19  1:18  Gateway  
  20  1:29  Probe  
  20  1:31  Cybernetics Core  
  21  1:38  Pylon  
  21  1:41  Probe  
  22  1:54  Probe  
  22  1:57  Stalker x2  
  27  2:09  Warp Gate  
  27  2:27  Stalker x2  
  27  2:29  Pylon  
  31  2:57  Stalker x2  
  35  3:08  Nexus  
  35  3:10  Probe  
  36  3:38  Stalker  
  38  3:41  Twilight Council  
  38  4:06  Blink  
  38  4:13  Gateway  
  38  4:14  Gateway  
  38  4:15  Gateway  
  38  4:16  Pylon  
  38  4:20  Stalker  
  40  4:24  Probe  
  39  4:42  Stalker  
  39  4:59  Stalker  
  41  5:07  Probe x2  
  42  5:12  Dark Shrine  
  43  5:15  Zealot x2  
  43  5:16  Zealot  
  43  5:19  Probe x2  
  51  5:21  Zealot  
  53  5:46  Probe  
  53  5:47  Probe  
  55  5:59  Probe x2  
  57  6:13  Stalker x2  
  55  6:44  Stalker  
  55  6:46  Stalker  
  47  6:58  Stalker x2  
  47  7:04  Stalker  
  47  7:18  Dark Templar  
  47  7:19  Dark Templar  
  51  7:23  Probe x2  
  51  7:25  Assimilator  
  51  7:26  Assimilator  
  53  7:33  Pylon  
  53  7:35  Pylon, Probe x2  
  55  7:38  Dark Templar x2  
  55  7:43  Nexus, Archon  
  59  7:53  Archon  
  59  7:56  Dark Templar  
  59  7:57  Dark Templar  
  59  7:58  Zealot  
  65  8:00  Probe x2  
  67  8:08  Probe  
  67  8:09  Probe  
  68  8:14  Archon  
Show
View Real Time Build Order
Export as new Build Order

OpuS Protoss 

Build Orders:  

Get SALT Encoding   

  12  0:01  Probe  
  13  0:13  Probe  
  14  0:21  Pylon  
  14  0:25  Probe  
  15  0:39  Probe  
  16  0:44  Gateway  
  16  0:51  Probe  
  16  0:54  Assimilator  
  16  0:55  Assimilator  
  17  1:03  Probe  
  18  1:14  Probe, Gateway  
  19  1:22  Probe  
  20  1:38  Cybernetics Core  
  20  1:41  Pylon  
  20  1:47  Probe  
  21  1:58  Pylon  
  21  2:14  Stalker  
  21  2:15  Stalker  
  25  2:18  Probe  
  26  2:27  Probe  
  26  2:35  Probe  
  27  2:44  Probe  
  27  2:45  Stargate  
  28  2:53  Adept x2  
  32  3:04  Probe  
  33  3:07  Pylon  
  33  3:14  Twilight Council  
  31  3:30  Void Ray  
  35  3:52  Pylon  
  35  3:55  Pylon  
  33  4:03  Void Ray  
  33  4:20  Forge  
  33  4:21  Shield Battery  
  33  4:23  Shield Battery  
  18  4:47  Probe  
  19  4:55  Photon Cannon  
  19  4:59  Probe  
  20  5:11  Probe  
  21  5:24  Probe  
  22  5:35  Void Ray  
  22  5:36  Probe  
  27  6:15  Nexus  
  27  6:31  Photon Cannon  
  22  6:52  Void Ray  
  15  7:54  Probe  
Show
View Real Time Build Order
Export as new Build Order

Sketchaphone Zerg 

Build Orders: Hatch First 

Get SALT Encoding   

  12  0:01  Drone  
  13  0:12  Overlord  
  13  0:18  Drone  
  14  0:22  Extractor  
  14  0:23  Drone  
  15  0:32  Drone  
  15  0:35  Drone  
  17  0:56  Hatchery  
  16  0:59  Drone  
  16  1:01  Extractor  
  16  1:02  Drone  
  17  1:17  Spawning Pool  
  16  1:29  Drone  
  17  1:39  Drone  
  18  1:42  Drone  
  18  1:43  Overlord  
  19  1:55  Drone  
  20  2:04  Queen  
  22  2:09  Metabolic Boost, Drone  
  22  2:14  Drone  
  22  2:15  Drone  
  25  2:21  Drone  
  26  2:25  Queen  
  28  2:34  Evolution Chamber, Drone  
  28  2:38  Drone  
  28  2:43  Overlord  
  29  2:54  Overlord, Drone  
  30  3:01  Zerg Melee Weapons Level 1  
  30  3:08  Zergling x4  
  30  3:09  Zergling x2  
  33  3:14  Drone  
  33  3:15  Overlord  
  33  3:19  Zergling x4  
  36  3:22  Zergling x2  
  36  3:24  Zergling x2  
  38  3:27  Zergling x2  
  39  3:34  Zergling x2  
  39  3:36  Zergling x2  
  40  3:49  Drone x3  
  40  3:59  Zergling x6  
  42  4:04  Zergling x6  
  45  4:14  Zergling x2  
  45  4:15  Zergling x2  
  47  4:22  Hatchery  
  44  4:31  Zergling x4  
  44  4:37  Zergling x8  
  44  4:38  Overlord  
  45  4:40  Zergling x6  
  46  4:52  Zergling x4  
  45  4:55  Zergling x2  
  45  4:58  Spine Crawler  
  44  5:09  Spine Crawler  
  40  5:15  Zergling x6  
  36  5:27  Zergling x2  
  36  5:28  Zergling x2  
  32  5:32  Zergling x10  
  32  5:35  Zergling x2  
  36  5:39  Zergling x4  
  30  5:48  Zergling x2  
  30  5:49  Zergling x2  
  9  6:06  Drone  
  9  6:18  Hatchery  
  3  7:58  Drone  
  3  8:13  Drone  
Tags
 
Add a new tag
Caveats
  • Supply blocks, unpowered buildings, or Contaminate may cause inaccurate times.
  • Supply counts are checked every 10 seconds.